 Dungeon Crawl Stone Soup version 0.26.1-11-gd32895ea62 (webtiles) character file.

Game seed: 14802273628922648637

200 growler the Gusty (level 5, -4/28 HPs)
             Began as a Tengu Air Elementalist on June 26, 2021.
             Killed from afar by an orc wizard (7 damage)
             ... with a magic dart
             ... on level 3 of the Dungeon.
             The game lasted 00:10:13 (4457 turns).

growler the Gusty (Tengu Air Elementalist)          Turns: 4457, Time: 00:10:14

Health: -4/28      AC:  4    Str:  8    XL:     5   Next: 78%
Magic:  9/11       EV: 15    Int: 16    God:
Gold:   88         SH:  0    Dex: 15    Spells: 0/10 levels left

rFire    . . .     SeeInvis .   (no weapon)
rCold    . . .     Faith    .   (no shield)
rNeg     . . .     Spirit   .   a - +0 robe
rPois    .         Reflect  .   (helmet restricted)
rElec    .         Harm     .   p - +1 cloak
rCorr    .         Rampage  .   (no gloves)
Will     .....                  (boots unavailable)
Stlth    ++........             (no amulet)
HPRegen  0.09/turn              (no ring)
MPRegen  0.12/turn              (no ring)

@: flying quickly and evasively, quick
A: beak, talons 3, able to fly
a: Stop Flying


You were on level 3 of the Dungeon.
You visited 1 branch of the dungeon, and saw 4 of its levels.

You collected 88 gold pieces.

Inventory:

Armour
 a - a +0 robe (worn)
 p - a +1 cloak (worn)
   (You found it on level 3 of the Dungeon)
Wands
 v - a wand of digging (6)
   (You found it on level 3 of the Dungeon)
Scrolls
 c - a scroll of noise {unknown}
 d - a scroll of immolation {unknown}
 f - a scroll of fear {unknown}
 i - 2 scrolls of enchant armour {unknown}
 k - 5 scrolls of identify {unknown}
 m - 3 scrolls of teleportation {unknown}
 n - a scroll of remove curse {unknown}
 o - a scroll of fog {unknown}
Potions
 b - 2 potions of resistance {unknown}
 e - 4 potions of curing {unknown}
 g - a potion of mutation {unknown}
 h - 3 potions of lignification {unknown}
 j - a potion of magic {unknown}
 l - 2 potions of heal wounds {unknown}
 q - a potion of degeneration {unknown}


   Skills:
 - Level 2.1 Dodging
 - Level 2.0 Stealth
 + Level 3.4 Spellcasting
 + Level 4.2 Conjurations
 + Level 5.7 Air Magic


You couldn't memorise any spells.
You knew the following spells:

 Your Spells              Type           Power        Failure   Level
a - Shock                 Conj/Air       72%          2%          1
b - Airstrike             Air            10%          17%         4
d - Static Discharge      Conj/Air       18%          7%          3
s - Swiftness             Air            21%          2%          2

Your spell library contained the following spells:

 Spells                   Type           Power        Failure   Level
 Lightning Bolt           Conj/Air       9%           54%         5


Dungeon Overview and Level Annotations

Branches:
Dungeon (4/15)
 Temple: D:4-7

Altars:
Elyvilon

Annotations:
D:2 2 transporters
D:3 1 runed translucent door, buriedalive's ghost, amateur DEIE


Innate Abilities, Weirdness & Mutations

You have a beak for a mouth.
You have claws for feet.
You can fly continuously.


Message History

The orc wizard closely misses you. The iguana bites you.
* * * LOW HITPOINT WARNING * * *
The orc wizard hits you with a +0 dagger.
* * * LOW HITPOINT WARNING * * *
The orc wizard gestures at itself while chanting.
The orc wizard flickers and vanishes!
Deactivating autopickup; reactivate with Ctrl-A.
The orc wizard closely misses you.
The orc wizard gestures wildly while chanting.
The orc wizard blinks!
The orc wizard casts a spell at itself.
The orc wizard flickers and vanishes!
There is a stone staircase leading up here.
The orc wizard mumbles some strange words.
The orc wizard blinks!
You fly upwards.
Level annotation: 1 runed translucent door, buriedalive's ghost, amateur DEIE Reactivating autopickup.
There is a stone staircase leading down here.
You start resting.
You start resting.
There is a stone staircase leading down here.
You fly downwards.
The orc wizard gestures at you while chanting.
The puff of flame hits you! The iguana misses you.
The orc hits you with a +0 hand axe. The iguana bites you!
Ouch! That really hurt!
* * * LOW HITPOINT WARNING * * *
There is a stone staircase leading up, spattered with blood here.
The orc wizard misses you. The orc barely misses you.
The iguana closely misses you.
You fly upwards.
Level annotation: 1 runed translucent door, buriedalive's ghost, amateur DEIE
There is a stone staircase leading down here.
The orc wizard gestures at you while chanting.
You are confused.
You closely miss the orc. Your peck misses the orc.
You're too confused to move!
You bump into the rock wall.
The orc wizard closely misses you.
You bump into the rock wall.
You feel less confused. The orc wizard misses you.
Aim: an orc wizard, wielding a +0 dagger and wearing a +0 robe (36% to evade)
The zap hits the orc wizard.
The zap hits the orc.
The zap misses the iguana.
The orc wizard completely misses you.
Aim: an orc wizard, wielding a +0 dagger and wearing a +0 robe (36% to evade)
The zap hits the orc wizard.
The zap misses the orc.
The zap hits the iguana.
The orc wizard casts a spell at you. The magic dart hits you!
You die...

###### ######..... #......####
#.###..#... #.# #..#.##
####################.###..#.##
#............@.ool........#.##
###.################.#>.......
#.# #.#........#.#..#.## #.#
#.#.##.#...#.#......
#.#######'#'##.#............
#.#..........#+#...#>#.##...
#.#.###................#####
#.#...'................# #
#.#####................#####


You could see an iguana, an orc wizard and an orc.

Vanquished Creatures
  Jessica (D:3)
  A worker ant zombie (D:3)
  5 adders
  An ooze (D:3)
  An adder zombie (D:2)
  5 worms
  2 dart slugs (D:3)
  4 leopard geckos
  2 orcs
  4 giant cockroaches
  10 goblins
  13 hobgoblins
  6 jackals
  A ball python (D:2)
  9 bats
  4 frilled lizards
  8 kobolds
  11 rats
88 creatures vanquished.

Vanquished Creatures (others)
  7 plants (D:1)
  2 withered plants (D:3)
9 creatures vanquished.

Grand Total: 97 creatures vanquished

Notes
Turn   | Place    | Note
-------+----------+-------------------------------------------
     0 | D:1      | growler the Tengu Air Elementalist began the quest for the
                  | Orb.
     0 | D:1      | Reached XP level 1. HP: 10/10 MP: 4/4
   159 | D:1      | Reached XP level 2. HP: 15/15 MP: 4/6
   162 | D:1      | Learned a level 2 spell: Swiftness
   565 | D:1      | You fall into a shaft and drop 1 floor!
   780 | D:1      | Reached XP level 3. HP: 19/19 MP: 3/7
  1462 | D:2      | Found a transporter.
  1818 | D:2      | Reached XP level 4. HP: 23/24 MP: 2/9
  1822 | D:2      | Learned a level 3 spell: Static Discharge
  2179 | D:2      | Reached skill level 5 in Air Magic
  2589 | D:2      | Found a white marble altar of Elyvilon.
  2590 | D:2      | Noticed a gnoll sergeant
  2593 | D:2      | Found a transporter.
  2729 | D:3      | Noticed Jessica
  2732 | D:3      | Killed Jessica
  2785 | D:3      | Found a runed translucent door.
  2786 | D:3      | Noticed buriedalive's ghost (amateur DEIE)
  2813 | D:3      | Gained mutation: You can fly continuously. [Tengu growth]
  2813 | D:3      | Reached XP level 5. HP: 28/28 MP: 4/10
  2819 | D:3      | Learned a level 4 spell: Airstrike
  4457 | D:3      | Killed from afar by an orc wizard

Illustrated notes

Levels and vault maps discovered:
D:1:      minmay_arrival_four_houses, layout_loops_ring, hangedman_decor_push,
          serial_bayou_ford_a, serial_bayou_lake_a
D:2:      layout_loops_ring, gammafunk_temple_overflow_arena,
          grunt_decor_one_mirror, nrook_mini_vaults
D:3:      layout_basic, gammafunk_ghost_grave, minmay_randomly_rotated_circles,
          uniq_jessica
D:4:      layout_rooms, serial_curves, eino_curves_03, eino_curves_03,
          gammafunk_ghost_gnarly_gnolls

Skill      XL: |  1  2  3  4  5 |
---------------+----------------+-----
Conjurations   | 2 3 4 |  4.2
Air Magic      | 5 |  5.7
Spellcasting   | 3 |  3.4
Dodging        | |  2.1
Stealth        | |  2.0

Action                   |  1- 3 |  4- 6 || total
-------------------------+-------+-------++-------
Melee: Unarmed           |    22 |    14 ||    36
       Peck              |     5 |     2 ||     7
       Kick              |     3 |     4 ||     7
 Cast: Shock             |    73 |   114 ||   187
       Static Discharge  |       |     5 ||     5
 Abil: Fly               |       |     1 ||     1
 Stab: Sleeping          |     1 |       ||     1
Armor: Robe              |     5 |     5 ||    10
Dodge: Dodged            |    15 |    40 ||    55
